 Dungeon Sprint DCSS version 0.26.1-11-gd32895ea62 (webtiles) character file.

Game seed: 4815952875959334374

994 Zeld the Geomancer (level 8, 52/52 HPs)
             Began as a Gargoyle Earth Elementalist on June 16, 2021.
             Was an Initiate of Sif Muna.
             Quit the game in the Dungeon (Sprint I: "Red Sonja").
             The game lasted 00:01:55 (1713 turns).

Zeld the Geomancer (Gargoyle Earth Elementalist)    Turns: 1713, Time: 00:01:56

Health: 52/52      AC:  7    Str: 12    XL:     8   Next: 19%
Magic:  7/20       EV: 14    Int: 18    God:    Sif Muna [......]
Gold:   367        SH:  0    Dex: 10    Spells: 8/23 levels left

rFire    . . .     SeeInvis .   (no weapon)
rCold    . . .     Faith    .   (no shield)
rNeg     + . .     Spirit   .   c - +0 robe
rPois    ∞         Reflect  .   (no helmet)
rElec    +         Harm     .   (no cloak)
rCorr    .         Rampage  .   (no gloves)
Will     .....     NoTele   +   (no boots)
Stlth    +++.......             (no amulet)
HPRegen  0.17/turn              (no ring)
MPRegen  0.17/turn              (no ring)

@: no status effects
A: negative energy resistance 1, electricity resistance, unbreathing,
petrification resistance, miasma immunity, AC +5
a: Renounce Religion


You were in the Dungeon.
You worshipped Sif Muna.
Sif Muna was noncommittal.
You visited 1 branch You collected 459 gold pieces.
You spent 92 gold pieces at shops.

Inventory:

Missiles
 b - 20 stones (quivered)
Armour
 c - a +0 robe (worn)
Wands
 a - a wand of polymorph (11)
Scrolls
 h - 2 scrolls of enchant armour {unknown}
 i - a scroll of blinking
 j - a scroll of amnesia {unknown}
 k - 2 scrolls of magic mapping {unknown}
 l - a scroll of remove curse {unknown}
Potions
 d - a potion of curing
 e - a potion of heal wounds
 f - a potion of haste
 g - 2 potions of magic


   Skills:
 + Level 6.8 Fighting
 + Level 5.3 Dodging
 + Level 7.6 Stealth
 * Level 8.4 Spellcasting
 + Level 6.1 Conjurations
 - Level 1.0 Transmutations
 * Level 11.1 Earth Magic


You had 8 spell levels left.
You knew the following spells:

 Your Spells              Type           Power        Failure   Level
a - Sandblast             Erth           94%          1%          1
b - Passwall              Tmut/Erth      24%          1%          2
c - Stone Arrow           Conj/Erth      76%          1%          3
d - Petrify               Tmut/Erth      29%          8%          4
e - Lee's Rapid Deconstr  Erth           23%          2%          5

Your spell library contained the following spells:

 Spells                   Type           Power        Failure   Level


Dungeon Overview and Level Annotations

Branches:
Dungeon (1/1)

Altars:
Cheibriados
Dithmenos
Elyvilon
Fedhas
Gozag
Hepliaklqana
Kikubaaqudgha
Nemelex Xobeh
Okawaru
Qazlal
Ru
Sif Muna
Trog
Uskayaw
Vehumet
Wu Jian
Yredelemnul
Zin
The Shining One

Shops:
D *


Innate Abilities, Weirdness & Mutations

You are resistant to torment.
Your stone body is resilient. (AC +5)
You are immune to poison.
You resist negative energy. (rN+)
You are resistant to electric shocks. (rElec)
You can survive without breathing.
You are immune to petrification.
You are immune to miasma.


Message History

You have reached level 7!
You have reached level 8!
You feel clever.
There is an open door here.
Things that are here:
a +2 dagger of distortion; 2 curare-tipped darts; the kobold corpse of Sonja You now have 286 gold pieces (gained 27).
You now have 313 gold pieces (gained 27).
You now have 340 gold pieces (gained 27).
You now have 367 gold pieces (gained 27).
You already know all available spells.
Unknown command.
Things that are here:
a +2 dagger of distortion; 2 curare-tipped darts; the kobold corpse of Sonja
There is an open door here.
You see here 3 curare-tipped darts.
There is a shimmering blue altar of Sif Muna here.
You kneel at the altar of Sif Muna.
Sif Muna welcomes you!
Are you sure you want to abandon this character and quit the game? (Confirm with "yes".)

################
#<.#.))..#..'..#
#..)..#..'..#..+
#..#####'#####'#
#..####..#...#.#
#..#__####..##.#
#..#_____##'#_.+
#⌠⌠#_.∩...'...@#
####_..__##_(#'#
#..#_____###'#(#
############.###
+...+ #.).#
##.## #+#


There were no monsters in sight!

Vanquished Creatures
  Sonja (D)
  Sigmund (D)
  A yak (D)
  An ogre (D)
  A jelly (D)
  Ijyb (D)
6 creatures vanquished.

Notes
Turn   | Place    | Note
-------+----------+-------------------------------------------
     0 | D        | Zeld the Gargoyle Earth Elementalist began the quest for
                  | the Orb.
     0 | D        | Reached XP level 1. HP: 10/10 MP: 3/3
     3 | D        | Noticed Ijyb
    23 | D        | Killed Ijyb
    24 | D        | Reached skill level 1 in Fighting
    24 | D        | Reached skill level 1 in Transmutations
    24 | D        | Reached skill level 5 in Earth Magic
    24 | D        | Reached XP level 2. HP: 9/17 MP: 1/6
    24 | D        | Reached XP level 3. HP: 11/21 MP: 1/7
   260 | D        | Learned a level 2 spell: Passwall
   264 | D        | Learned a level 3 spell: Stone Arrow
   729 | D        | Noticed an ogre
   732 | D        | Killed an ogre
   733 | D        | Reached skill level 6 in Earth Magic
   733 | D        | Reached XP level 4. HP: 28/28 MP: 5/10
   738 | D        | Learned a level 4 spell: Petrify
  1000 | D        | Noticed Sigmund
  1009 | D        | Killed Sigmund
  1010 | D        | Reached skill level 5 in Stealth
  1010 | D        | Reached skill level 8 in Earth Magic
  1010 | D        | Reached XP level 5. HP: 27/34 MP: 7/13
  1010 | D        | Reached XP level 6. HP: 32/39 MP: 8/15
  1016 | D        | Learned a level 5 spell: Lee's Rapid Deconstruction
  1152 | D        | Found an ornate altar of the Wu Jian Council.
  1152 | D        | Found a shimmering blue altar of Sif Muna.
  1154 | D        | Found a radiant altar of Vehumet.
  1315 | D        | Found Enoaz's Assorted Antiques.
  1315 | D        | Found an ancient bone altar of Kikubaaqudgha.
  1315 | D        | Found a hazy altar of Hepliaklqana.
  1315 | D        | Found a stormy altar of Qazlal.
  1315 | D        | Found a hide-covered altar of Uskayaw.
  1315 | D        | Found a blossoming altar of Fedhas.
  1315 | D        | Found a bloodstained altar of Trog.
  1315 | D        | Found an iron altar of Okawaru.
  1315 | D        | Found a basalt altar of Yredelemnul.
  1315 | D        | Found a glowing golden altar of the Shining One.
  1315 | D        | Found a snail-covered altar of Cheibriados.
  1315 | D        | Found a sacrificial altar of Ru.
  1315 | D        | Found a glowing silver altar of Zin.
  1315 | D        | Found a shadowy altar of Dithmenos.
  1315 | D        | Found a white marble altar of Elyvilon.
  1315 | D        | Noticed a yak
  1322 | D        | Killed a yak
  1323 | D        | Reached skill level 5 in Fighting
  1323 | D        | Reached skill level 9 in Earth Magic
  1325 | D        | Found an opulent altar of Gozag.
  1326 | D        | Found a sparkling altar of Nemelex Xobeh.
  1528 | D        | Bought 2 scrolls labelled EXITIO TENTEGI for 46 gold pieces
  1528 | D        | Bought a scroll labelled CUESIL RETA for 23 gold pieces
  1528 | D        | Bought a scroll labelled BOECVE JEOSA for 23 gold pieces
  1686 | D        | Noticed Sonja
  1690 | D        | Killed Sonja
  1691 | D        | Reached skill level 5 in Dodging
  1691 | D        | Reached skill level 11 in Earth Magic
  1691 | D        | Reached XP level 7. HP: 47/47 MP: 3/18
  1691 | D        | Reached XP level 8. HP: 52/52 MP: 3/20
  1712 | D        | Became a worshipper of Sif Muna the Loreminder
  1713 | D        | Quit the game

Illustrated notes

Levels and vault maps discovered:
D:        dungeon_sprint_1 [red_sonja_temple_1, red_sonja_temple_small_1]

Skill      XL: |  1  2  3  4  5  6 |
---------------+-------------------+-----
Fighting       | 1 3 4 6 |  6.8
Dodging        | 2 3 5 |  5.3
Stealth        | 3 4 5 7 |  7.6
Spellcasting   | 3 4 6 8 |  8.4
Transmutations | 1 |  1.0
Earth Magic    | 5 6 8 11 | 11.1
Conjurations   | 2 3 6 |  6.1

Action                   |  1- 3 |  4- 6 |  7- 9 || total
-------------------------+-------+-------+-------++-------
Melee: Unarmed           |    16 |       |       ||    16
 Cast: Sandblast         |     5 |     5 |       ||    10
       Passwall          |     2 |       |       ||     2
       Stone Arrow       |       |     9 |       ||     9
  Use: Potion            |     1 |       |       ||     1
Armor: Robe              |     2 |       |       ||     2
Dodge: Dodged            |     5 |     3 |       ||     8
